 Dungeon Crawl Stone Soup version 0.31-a0-965-g8a8ce12e04 (webtiles) character file.

Game seed: 12000345117267375589

0 Shayle the Vexing (level 1, -1/19 HPs)
             Began as an Ogre Hexslinger on Oct 26, 2023.
             Slain by a ball python (2 damage)
             ... on level 1 of the Dungeon.
             The game lasted 00:00:29 (39 turns).

Shayle the Vexing (Ogre Hexslinger)                   Turns: 39, Time: 00:00:30

Health: -1/19      AC:  3    Str: 11    XL:     1   Next: 10%
Magic:  2/2        EV: 10    Int: 14    God:
Gold:   0          SH:  0    Dex: 11    Spells: 2/2 levels left

rFire   . . .        a - +1 sling
rCold   . . .        (no shield)
rNeg    . . .        c - +0 robe
rPois   .            (helmet restricted)
rElec   .            (no cloak)
rCorr   .            (gloves unavailable)
SInv    .            (boots unavailable)
Will    +....        (no amulet)
Stlth   +            (no ring)
HPRegen 0.23/turn    (no ring)
MPRegen 0.08/turn

%: no passive effects
@: about to teleport, enlightened, flying
A: large, unfitting armour, tough skin 1
a: no special abilities


You were on level 1 of the Dungeon.
You visited 1 branch of the dungeon, and saw 1 of its levels.

Inventory:

Hand Weapons
 a - a +1 sling (weapon)
Armour
 c - a +0 robe (worn)
Scrolls
 b - a scroll of poison


   Skills:
 + Level 1.4 Fighting
 - Level 1.3 Ranged Weapons
 + Level 1.7 Dodging
 + Level 0.0 Unarmed Combat
 - Level 1.2 Spellcasting
 - Level 2.6 Hexes
 - Level 0.8 Fire Magic


You had 2 spell levels left.
You didn't know any spells.
Your spell library contained the following spells:

 Spells                   Type           Power      Damage    Failure   Level
 Jinxbite                 Hex            16%        N/A       13%         2
 Sigil of Binding         Hex            8%         N/A       26%         3
 Inner Flame              Hex/Fire       5%         N/A       36%         3
 Cause Fear               Hex            4%         N/A       65%         4
 Dimensional Bullseye     Hex/Tloc       2%         N/A       83%         4


Dungeon Overview and Level Annotations

Branches:
Dungeon (1/15)

Altars:


Innate Abilities, Weirdness & Mutations

You are too large for most types of armour.
You have tough skin. (AC +1)


Message History

The sling bullet barely misses the kobold.
The kobold hits you with a +0 club.
You shoot a sling bullet.
The sling bullet closely misses the kobold.
The ball python bites you. The kobold hits you with a +0 club.
The ball python closely misses you. The kobold attacks as it pursues you!
The kobold hits you with a +0 club. The kobold hits you with a +0 club.
* * * LOW HITPOINT WARNING * * *
The kobold hits the plant with a +0 club.
The plant begins to die.
You shoot a sling bullet.
The sling bullet hits the ball python but does no damage.
The ball python bites you but does no damage.
The ball python bites the plant.
The ball python grabs the plant.
The ball python constricts the plant.
The kobold hits the plant with a +0 club.
You shoot a sling bullet.
The sling bullet closely misses the ball python.
The sling bullet barely misses the kobold.
The ball python barely misses you.
The ball python bites the plant.
The ball python constricts the plant.
The kobold hits the plant with a +0 club.
The ball python bites you.
* * * LOW HITPOINT WARNING * * *
The ball python bites the plant.
The ball python constricts the plant.
It was a potion of enlightenment.
You feel very buoyant.
You fly up into the air.
The kobold hits the plant with a +0 club.
The ball python bites you.
* * * LOW HITPOINT WARNING * * *
The ball python bites the plant.
The ball python constricts the plant.
As you read the scroll labelled VEILAKKIUPH, it crumbles to dust.
You feel strangely unstable.
It was a scroll of teleportation.
A nearby plant withers and dies.
The ball python loses its grip on the plant.
The ball python barely misses you. The ball python bites you.
You die...

## #.# ..# #.# ... #.#
#.### #.## #.... #..# ##
#.... #####..#####.####
.##....###..KS............
......KS.#...#S#P.....P#
.###...#...P##@##P...P##~##
#.SS###..~~~~~..<..~~~~~
..... #.P##~##P...P##~##
###... #..P#~#P.....P# #...
#................ +...
#...####..######.. #...
##.## #.## # .. ... ....#


You could see 2 ball pythons.

Vanquished Creatures
  A frilled lizard (D:1)
1 creature vanquished.

Notes
Turn   | Place    | Note
-------+----------+-------------------------------------------
     0 | D:1      | Shayle the Ogre Hexslinger began the quest for the Orb.
     0 | D:1      | Reached XP level 1. HP: 19/19 MP: 2/2
    39 | D:1      | Slain by a ball python

Illustrated notes

Levels and vault maps discovered:
D:1:      eino_arrival_water_cross, layout_basic, kennysheep_minor_cross,
          minmay_tree_intersection

Action                     || total
---------------------------++-------
   Fire: Sling             ||     8
    Use: Scroll            ||     1
         Potion            ||     1
 Armour: Robe              ||    11
  Dodge: Dodged            ||     4

Table legend: (Time is in decaauts)
 A = Elapsed time spent in this place.
 B = Non-inter-level travel time spent in this place.
 C = Inter-level travel time spent in this place.
 D = Time resting spent in this place.
 E = Time spent auto-exploring this place.
 F = Levels seen in this place.
 G = Mean time per level.
                   A        B        C        D        E       F      G
               +--------+--------+--------+--------+--------+-----+--------+
         Total |     41 |     41 |      0 |      0 |     18 |   1 |   41.0 |
       Dungeon |     41 |     41 |      0 |      0 |     18 |   1 |   41.0 |
               +--------+--------+--------+--------+--------+-----+--------+

Top non-repeatable levels by time:
     D:1: 41 daAuts
